 Dungeon Crawl Stone Soup version 0.28-a0-511-gcc94558de3 (webtiles) character file.

Game seed: 9838601488825079473

63 HoaS the Twirler (level 4, -1/26 HPs)
             Began as a Gargoyle Gladiator on Sept 21, 2021.
             Slain by a hobgoblin (2 damage)
             ... led by Robin
             ... on level 2 of the Dungeon.
             The game lasted 00:03:34 (1756 turns).

HoaS the Twirler (Gargoyle Gladiator)               Turns: 1756, Time: 00:03:35

Health: -1/26      AC:  8    Str: 24    XL:     4   Next: 9%
Magic:  4/4        EV: 12    Int:  9    God:
Gold:   102        SH:  0    Dex: 11    Spells: 3/3 levels left

rFire   . . .      SeeInvis .   a - +0 quarterstaff
rCold   . . .      Faith    .   (shield currently unavailable)
rNeg    + . .      Spirit   .   b - +0 leather armour
rPois   ∞          Reflect  .   c - +1 helmet
rElec   +          Harm     .   (no cloak)
rCorr   .          Rampage  .   (no gloves)
Will    .....                   (no boots)
Stlth   +.........              (no amulet)
HPRegen 0.08/turn               k - +6 ring of strength
MPRegen 0.09/turn               (no ring)

@: no status effects
A: sickness immunity, AC +3, negative energy resistance 1, electricity
resistance, torment resistance 1, petrification resistance
a: no special abilities


You were on level 2 of the Dungeon.
You visited 1 branch of the dungeon, and saw 3 of its levels.

You collected 102 gold pieces.

Inventory:

Hand Weapons
 a - a +0 quarterstaff (weapon)
Missiles
 d - 2 throwing nets (quivered)
 g - 8 atropa-tipped darts
 h - 35 arrows
 i - 22 poisoned darts
Armour
 b - a +0 leather armour (worn)
 c - a +1 helmet (worn)
Jewellery
 k - a +6 ring of strength (left hand)
Potions
 j - a potion of magic {unknown}


   Skills:
 - Level 2.1 Fighting
 + Level 4.8 Staves
 - Level 1.7 Throwing
 - Level 2.4 Dodging


You had 3 spell levels left.
You didn't know any spells.
Your spell library was empty.

Dungeon Overview and Level Annotations

Branches:
Dungeon (3/15)

Altars:

Annotations:
D:3 Robin


Innate Abilities, Weirdness & Mutations

You are immune to sickness and miasma.
Your stone body is resilient. (AC +3)
You are immune to poison.
You resist negative energy. (rN+)
You are resistant to electric shocks. (rElec)
You are resistant to unholy torment.
You are immune to petrification.


Message History

The hobgoblin hits you but does no damage.
The hobgoblin barely misses you.
The goblin shoots a stone.
The stone hits you. The stone burns you.
You climb upwards.
There is a stone staircase leading down here.
The bat hits you but does no damage. The goblin hits you but does no damage.
The hobgoblin completely misses you. The bat closely misses you.
The bat closely misses you. The bat barely misses you.
Things that are here:
a +0 club; a goblin corpse The bat misses you.
You swing at nothing.
The bat closely misses you.
You hit the hobgoblin.
The hobgoblin is heavily wounded.
The hobgoblin hits you.
* * * LOW HITPOINT WARNING * * *
You barely miss the hobgoblin.
The hobgoblin is heavily wounded.
The hobgoblin hits you.
* * * LOW HITPOINT WARNING * * *
You hit the hobgoblin.
The hobgoblin is almost dead.
The hobgoblin hits you but does no damage.
You barely miss the hobgoblin.
The hobgoblin is almost dead.
The hobgoblin hits you but does no damage.
The hobgoblin hits you.
* * * LOW HITPOINT WARNING * * *
You barely miss the hobgoblin.
The hobgoblin is almost dead.
The hobgoblin hits you but does no damage.
Throw: 3 throwing nets
Press: ? - help, Shift-Dir - straight line, f/p - hobgoblin
Aim: a hobgoblin (almost dead, strong, 56% to hit)
You throw a throwing net.
The throwing net closely misses the hobgoblin.
The throwing net hits the goblin.
The goblin is caught in the net!
The goblin struggles against the net.
The hobgoblin hits you.
You die...

.#†#.#.##..#.......#####.#.#.# #.
.#..<#.##..#.....#.....#.#.#.# #.
.#####.#...#...#.#####.#.#.#.# #.
.......#.#.#..<#.......#.....# #.
########.#.#..############.#####.
#.#.#.......#######.......
########.#......##.......)#######
.........#....#.##b.......#
................@gg.>.....#
####..#.......#.##g.......#
##.#.##.####.##........#
#.#.........##........#
#.####.#######........# #.# #.#
#........# #.# #.# #........#
##### #.## #.# #........# #.(..
#..# #.#######.#.###### #.###


You could see 2 hobgoblins, a goblin (strong, caught) and a bat.

Vanquished Creatures
  2 adders (D:2)
  5 ball pythons
  4 bats
  3 endoplasms
  2 giant cockroaches
  3 hobgoblins
  4 jackals (D:2)
  3 kobolds
  A quokka (D:2)
  A frilled lizard (D:2)
  6 goblins
  8 rats
42 creatures vanquished.

Notes
Turn   | Place    | Note
-------+----------+-------------------------------------------
     0 | D:1      | HoaS the Gargoyle Gladiator began the quest for the Orb.
     0 | D:1      | Reached XP level 1. HP: 12/12 MP: 1/1
   158 | D:1      | Reached XP level 2. HP: 17/17 MP: 2/2
   912 | D:1      | Found a faded altar of an unknown god.
  1072 | D:2      | Reached skill level 4 in Staves
  1118 | D:2      | Reached XP level 3. HP: 20/21 MP: 3/3
  1667 | D:3      | Identified the +1 helmet of Privacy {+Inv rC++ MP-9 SInv}
  1667 | D:3      | Noticed Robin
  1671 | D:3      | Reached XP level 4. HP: 23/26 MP: 4/4
  1754 | D:2      | HP: 1/26 [hobgoblin[Robin] (3)]
  1756 | D:2      | Slain by a hobgoblin

Illustrated notes

Levels and vault maps discovered:
D:1:      nicolae_arrival_memento_mori, layout_loops_ring,
          dilly_ecumenical_altar_fadedgnrine, dk_noncrumbling_2
D:2:      layout_basic
D:3:      layout_basic, uniq_robin

Skill      XL: |  1  2 |
---------------+-------+-----
Staves         | 4 |  4.8
Fighting       | |  2.1
Throwing       | |  1.7
Dodging        | |  2.4

Action                   |  1- 3 |  4- 6 || total
-------------------------+-------+-------++-------
Melee: Quarterstaff      |   110 |    15 ||   125
Throw: Throwing net      |       |     1 ||     1
  Use: Scroll            |     3 |       ||     3
 Stab: Sleeping          |     2 |       ||     2
Armor: Leather armour    |    40 |    18 ||    58
Dodge: Dodged            |    81 |    22 ||   103

Table legend: (Time is in decaauts)
 A = Elapsed time spent in this place.
 B = Non-inter-level travel time spent in this place.
 C = Inter-level travel time spent in this place.
 D = Time resting spent in this place.
 E = Time spent auto-exploring this place.
 F = Levels seen in this place.
 G = Mean time per level.
                   A        B        C        D        E       F      G
               +--------+--------+--------+--------+--------+-----+--------+
         Total |   1770 |   1749 |     21 |    322 |   1114 |   3 |  590.0 |
       Dungeon |   1770 |   1749 |     21 |    322 |   1114 |   3 |  590.0 |
               +--------+--------+--------+--------+--------+-----+--------+

Top non-repeatable levels by time:
     D:1: 928 daAuts
     D:2: 798 daAuts
     D:3: 42 daAuts
